Map: Ruins of Endion

Players

Rabid - Winner!

  • Race: Terran Terran

A.I. 1 (Hard)

  • Race: Zerg Zerg

VOD

Have the link to the VOD?

Description

Time

  • Played on: July 6, 2016, 6:41 p.m.
  • Length: 10:32
Show
View Real Time Build Order
Export as new Build Order

Rabid Terran - Winner!

Build Orders:  

Get SALT Encoding   

  12  0:01  SCV  
  13  0:13  SCV  
  14  0:21  Supply Depot  
  14  0:25  SCV  
  15  0:38  Refinery  
  16  0:42  SCV  
  16  0:47  Barracks  
  16  0:55  SCV  
  17  1:07  SCV  
  18  1:19  SCV  
  18  1:25  Supply Depot  
  19  1:31  SCV  
  20  1:34  Barracks Tech Lab  
  20  1:40  Refinery  
  20  1:43  SCV  
  21  1:48  Barracks  
  21  1:52  Reaper  
  22  1:55  SCV  
  23  2:07  SCV  
  24  2:16  Supply Depot  
  24  2:20  SCV  
  25  2:24  Reaper  
  27  2:38  Orbital Command  
  27  2:42  Barracks Tech Lab  
  26  3:05  SCV  
  27  3:10  Command Center, Reaper x2  
  28  3:33  SCV  
  29  3:37  Supply Depot  
  29  3:42  Barracks, Reaper x2  
  29  3:44  Barracks  
  29  3:45  SCV  
  32  3:57  SCV  
  32  4:00  Supply Depot  
  33  4:09  SCV  
  34  4:14  Factory, Reaper x2  
  34  4:34  Barracks Reactor x2  
  34  4:37  Orbital Command  
  33  4:54  Marauder x2  
  33  4:59  Supply Depot  
  37  5:00  Starport, Factory Reactor  
  37  5:01  SCV  
  38  5:10  Marine  
  38  5:11  Marine x3  
  42  5:14  SCV  
  42  5:16  Marauder x2  
  42  5:20  Refinery  
  42  5:21  SCV  
  48  5:22  Refinery  
  48  5:28  Marine x2  
  48  5:29  Marine x2  
  52  5:47  Marine x3, Marauder x2  
  52  5:48  Marine  
  60  5:51  Medivac  
  60  5:52  Medivac  
  60  5:56  SCV x2  
  66  5:59  Supply Depot  
  66  6:05  Marine x3  
  66  6:08  Marauder x2  
  66  6:09  Factory Tech Lab  
  66  6:11  Marine  
  74  6:23  Marine x3  
  77  6:28  Marine  
  77  6:30  Marauder  
  77  6:31  Siege Tank  
  77  6:32  Medivac  
  85  6:36  Supply Depot  
  85  6:39  Supply Depot  
  85  6:46  Marine  
  86  6:57  Marine x3, Medivac  
  86  6:58  SCV  
  86  6:59  Supply Depot  
  92  7:02  Supply Depot  
  92  7:09  Stimpack, Concussive Shells  
  92  7:10  SCV  
  89  7:21  Marine  
  89  7:22  Marine x3  
  90  7:24  Marauder  
  90  7:25  Marauder  
  90  7:26  Siege Tank  
  90  7:27  Medivac x2  
  101  7:44  Marine x4  
  105  7:54  Marine x2  
  111  8:13  Marauder x2  
  111  8:19  Marine x4  
  115  8:21  Medivac  
  117  8:35  Supply Depot  
  117  8:38  Supply Depot  
  117  8:57  Marauder x2  
  111  9:21  Marine  
  111  9:22  Marine x5  
  111  9:24  Medivac, Siege Tank  
  122  9:39  Marine x3  
  125  9:49  Marauder x2  
  127  9:56  Siege Tank  
  127  10:10  Marine x4  
  127  10:11  Marauder x2  
Show
View Real Time Build Order
Export as new Build Order

A.I. 1 (Hard) Zerg 

Build Orders: Pool First 

Get SALT Encoding   

  12  0:00  Drone  
  13  0:12  Overlord  
  13  0:17  Drone  
  14  0:30  Drone  
  14  0:32  Drone  
  16  0:42  Spawning Pool  
  16  0:44  Drone  
  16  0:48  Drone  
  17  0:52  Extractor  
  17  0:55  Drone  
  17  1:06  Overlord  
  17  1:30  Queen  
  17  1:31  Zergling x2  
  20  1:36  Roach Warren  
  20  1:38  Drone  
  20  1:43  Extractor  
  20  1:44  Zergling x2  
  20  1:49  Drone  
  21  2:00  Drone  
  22  2:10  Lair  
  22  2:17  Drone  
  22  2:21  Roach  
  25  2:32  Drone  
  26  2:38  Overlord  
  28  2:44  Roach  
  28  2:57  Roach  
  30  3:03  Overlord  
  30  3:09  Hydralisk Den  
  30  3:10  Roach  
  31  3:13  Drone  
  32  3:22  Roach  
  33  3:35  Zergling x2  
  33  3:36  Overlord  
  36  3:48  Roach  
  36  3:56  Drone  
  36  4:00  Drone, Hydralisk  
  40  4:03  Drone  
  41  4:12  Drone  
  41  4:13  Hydralisk  
  41  4:15  Overlord  
  44  4:18  Drone  
  45  4:26  Drone  
  46  4:31  Baneling Nest  
  46  4:37  Drone  
  46  4:39  Evolution Chamber  
  46  4:43  Hydralisk  
  46  4:44  Drone  
  48  4:56  Hydralisk  
  50  6:27  Zerg Melee Weapons Level 1, Queen, Overseer  
  50  6:28  Muscular Augments, Overseer  
  50  6:30  Evolution Chamber  
  50  6:32  Drone, Spore Crawler  
  51  6:33  Spore Crawler  
  51  6:34  Drone  
  51  6:35  Hatchery  
  51  6:36  Drone  
  51  6:46  Infestation Pit  
  50  6:47  Drone  
  51  6:56  Zerg Missile Weapons Level 1  
  51  6:58  Spine Crawler  
  50  7:01  Spine Crawler  
  50  7:02  Drone  
  50  7:03  Drone  
  50  7:04  Burrow  
  50  7:06  Zergling x2  
  43  7:15  Hydralisk  
  33  7:26  Roach  
  35  7:36  Roach  
  37  7:46  Roach  
  37  7:48  Drone  
  37  7:49  Drone  
  37  7:51  Drone, Spore Crawler  
  42  7:53  Drone  
  42  7:54  Drone  
  42  7:56  Roach, Drone  
  42  7:57  Drone  
  47  7:59  Drone  
  47  8:00  Drone  
  47  8:05  Drone, Hydralisk  
  50  8:08  Drone  
  50  8:10  Drone  
  54  8:16  Ravager  
  54  8:19  Hydralisk, Overlord  
  56  8:20  Drone  
  56  8:21  Drone  
  59  8:29  Drone, Zerg Ground Armor Level 1  
  60  8:37  Drone, Ravager x2  
  60  8:40  Overlord  
  65  8:41  Roach  
  66  8:48  Drone  
  66  8:50  Overseer  
  66  8:51  Roach  
  66  8:52  Spore Crawler  
  67  8:57  Queen  
  67  8:58  Roach  
  67  9:01  Roach, Overlord  
  59  9:11  Zergling x2  
  48  9:21  Hydralisk  
  48  9:25  Zergling x2  
  48  9:28  Zergling x2  
  48  9:32  Zergling x2  
  48  9:35  Zergling x2, Overlord  
  49  9:39  Zergling x2  
  49  9:43  Zergling x2, Extractor  
  44  9:45  Drone  
  44  9:46  Zergling x2  
  44  9:48  Drone  
  44  9:50  Zergling x2  
  35  9:58  Drone  
  35  9:59  Hydralisk  
  18  10:21  Spawning Pool  
Tags
 
Add a new tag
Caveats
  • Supply blocks, unpowered buildings, or Contaminate may cause inaccurate times.
  • Supply counts are checked every 10 seconds.